 Dungeon Crawl Stone Soup version 0.23.1-37-gaa34b87b72 (webtiles) character file.

Game seed: 12100907887221055488

245 Revguard the Slasher (level 5, -2/40 HPs)
             Began as a Demonspawn Gladiator on Mar 25, 2019.
             Slain by a gnoll
             ... wielding a +0 halberd
              (17 damage)
             ... on level 4 of the Dungeon.
             The game lasted 00:18:24 (3059 turns).

Revguard the Slasher (Demonspawn Gladiator)         Turns: 3059, Time: 00:18:25

Health: -2/40      AC:  4    Str: 14    XL:     5   Next: 83%
Magic:  5/5        EV: 19    Int:  9    God:
Gold:   99         SH:  0    Dex: 21    Spells: 4/4 levels left

rFire    . . .     SeeInvis .   a - +0 long sword
rCold    . . .     Gourm    .   (no shield)
rNeg     . . .     Faith    .   b - +0 leather armour
rPois    .         Spirit   .   c - +0 helmet
rElec    .         Reflect  .   (no cloak)
rCorr    .         Harm     .   (no gloves)
MR       .....                  (no boots)
Stlth    +++.......             (no amulet)
HPRegen  0.13/turn              (no ring)
MPRegen  0.09/turn              (no ring)

@: agile
A: claws 1
a: no special abilities


You were on level 4 of the Dungeon.
You were not hungry.

You visited 1 branch of the dungeon, and saw 4 of its levels.

You collected 99 gold pieces.

Inventory:

Hand Weapons
 a - a +0 long sword (weapon)
Missiles
 d - 3 throwing nets (quivered)
Armour
 b - a +0 leather armour (worn)
 c - a +0 helmet (worn)
Scrolls
 e - a scroll of remove curse
 g - 2 scrolls of fog {unknown}
 j - 3 scrolls of identify {unknown}
 l - a scroll of amnesia {unknown}
Potions
 h - a potion of curing
Comestibles
 f - 7 rations


   Skills:
 + Level 2.9 Fighting
 + Level 4.4 Long Blades
 - Level 1.7 Throwing
 + Level 1.7 Armour
 + Level 3.4 Dodging
 + Level 1.5 Stealth


You had 4 spell levels left.
You didn't know any spells.
Your spell library was empty.

Dungeon Overview and Level Annotations

Branches:
Dungeon (4/15)
 Temple: D:4-7

Altars:
Dithmenos
Trog

Shops:
D:4 [

Annotations:
D:4 Sigmund


Innate Abilities, Weirdness & Mutations

You have sharp fingernails.


Message History

You closely miss the gnoll.
The gnoll is moderately wounded.
The gnoll completely misses you. The gnoll closely misses you.
You hit the gnoll.
The gnoll is heavily wounded.
The gnoll barely misses you. The gnoll completely misses you.
You feel agile all of a sudden.
The gnoll hits you from afar with a +0 halberd!
You hit the gnoll.
The gnoll is heavily wounded.
The gnoll closely misses you.
You riposte.
You hit the gnoll.
The gnoll is severely wounded.
The gnoll misses you.
You hit the gnoll.
The gnoll is almost dead.
The gnoll closely misses you. The gnoll completely misses you.
You hit the gnoll.
You kill the gnoll!
The gnoll hits you from afar with a +0 halberd!
You die...

#... #..S. ......
#########g.....
#.......gg.S...
#.8..gS.8.##...
#####g##### #)#
#@# #.#
######.######
#...........#
#.####.####.#
####.##)....##
#....#.......#
##....#.......#
#........._......


You could see 2 gnolls and an adder.

Vanquished Creatures
  A scorpion (D:4)
  An iguana (D:4)
  An orc wizard (D:3)
  5 gnolls
  2 adders (D:2)
  2 worms (D:2)
  2 dart slugs
  10 orcs
  A ball python (D:2)
  13 bats
  2 giant cockroaches (D:1)
  6 goblins
  3 hobgoblins
  2 jackals (D:1)
  A quokka (D:4)
  A ball python skeleton (D:3)
  A frilled lizard (D:1)
  7 kobolds
  A leopard gecko skeleton (D:4)
  6 rats
68 creatures vanquished.

Notes
Turn   | Place    | Note
-------+----------+-------------------------------------------
     0 | D:1      | Revguard the Demonspawn Gladiator began the quest for the
                  | Orb.
     0 | D:1      | Reached XP level 1. HP: 16/16 MP: 1/1
    79 | D:1      | Reached skill level 3 in Long Blades
    79 | D:1      | Gained mutation: You have sharp fingernails. [demonic
                  | ancestry]
    79 | D:1      | Reached XP level 2. HP: 22/22 MP: 2/2
   539 | D:2      | Reached XP level 3. HP: 16/27 MP: 3/3
   776 | D:2      | Found a bloodstained altar of Trog.
  1602 | D:3      | Reached skill level 1 in Stealth
  1602 | D:3      | Reached XP level 4. HP: 19/34 MP: 4/4
  1910 | D:3      | Reached skill level 1 in Armour
  1917 | D:3      | Reached skill level 4 in Long Blades
  2235 | D:3      | Reached XP level 5. HP: 18/39 MP: 5/5
  2903 | D:4      | Noticed Sigmund
  3016 | D:4      | Found a shadowy altar of Dithmenos.
  3029 | D:4      | Found Yfotadd's Antique Armour Boutique.
  3059 | D:4      | Slain by a gnoll

Skill      XL: |  1  2  3  4 |
---------------+-------------+-----
Long Blades    | 3 4 |  4.4
Dodging        | 3 |  3.4
Stealth        | 1 |  1.5
Armour         | 1 |  1.7
Fighting       | |  2.9
Throwing       | |  1.7

Action                   |  1- 3 |  4- 6 || total
-------------------------+-------+-------++-------
Melee: Long sword        |   113 |    96 ||   209
  Use: Potion            |     7 |     3 ||    10
       Scroll            |     3 |       ||     3
 Stab: Sleeping          |     2 |     3 ||     5
  Eat: Chunk             |     2 |     5 ||     7
Armor: Leather armour    |    45 |    27 ||    72
Dodge: Dodged            |    86 |    96 ||   182
       Rpst.: Long sword |    31 |    28 ||    59
